 Dungeon Crawl Stone Soup version 0.20.1-1-g8b1a95d (webtiles) character file.

2618 Jazqa the Slicer (level 9, -3/88 HPs)
             Began as a Kobold Berserker on Oct 28, 2017.
             Was an Elder of Trog.
             Slain by a hippogriff (8 damage)
             ... on level 8 of the Dungeon.
             The game lasted 00:12:24 (9509 turns).

Jazqa the Slicer (Kobold Berserker)                 Turns: 9509, Time: 00:12:25

Health: -3/88      AC: -6    Str: 19    XL:     9   Next: 91%
Magic:  9/9        EV: 18    Int:  9    God:    Trog [****..]
Gold:   254        SH:  0    Dex: 17    Spells: 8/8 levels left

rFire    + . .     SeeInvis .   e - +0 dagger (venom)
rCold    + + .     Gourm    .   (shield restricted)
rNeg     + . .     Faith    .   D - +1 ring mail of Beogh's Delight {rElec rF+ rC+ rN+} (curse)
rPois    +         Spirit   .   g - +0 helmet
rElec    +         Reflect  .   a - +0 cloak
rCorr    .         Harm     .   (no gloves)
MR       ++...                  (no boots)
Stlth    ..........             (no amulet)
Regen    1.3/turn               C - ring of protection from cold
MPRegen  0.2/turn               P - ring of poison resistance

@: berserking, corroded, regenerating, drained, very quick
A: carnivore 3
a: Berserk, Trog's Hand, Brothers in Arms, Burn Spellbooks, Renounce Religion


You were on level 8 of the Dungeon.
You worshipped Trog.
Trog was greatly pleased with you.
You were full.

You visited 1 branch of the dungeon, and saw 8 of its levels.

You collected 474 gold pieces.
You spent 220 gold pieces at shops.


Innate Abilities, Weirdness & Mutations

You are small and have problems with some larger weapons.
You are carnivorous and can eat meat at any time.


   Skills:
 + Level 8.1 Fighting
 + Level 9.6 Short Blades
 + Level 4.8(4.7) Armour
 + Level 7.1 Dodging
 + Level 4.1 Stealth
 + Level 0.5 Evocations


You had 8 spell levels left.
You didn't know any spells.

Inventory:

Hand Weapons
 e - a +0 dagger of venom (weapon)
Missiles
 q - 76 bolts (quivered)
Armour
 a - a +0 cloak (worn)
 g - a +0 helmet (worn)
 u - the +1 ring mail of Twilight {MR+ Str+8 Int-3}
   (You found it on level 4 of the Dungeon)

   It affects your strength (+8).
   It affects your intelligence (-3).
   It affects your resistance to hostile enchantments.
 D - the cursed +1 ring mail of Beogh's Delight (worn) {rElec rF+ rC+ rN+}
   (You found it on level 6 of the Dungeon)

   It protects you from fire.
   It protects you from cold.
   It insulates you from electricity.
   It protects you from negative energy.
   It has a curse placed upon it.
Magical Staves
 G - an uncursed staff of air {unknown}
Jewellery
 c - an uncursed ring of protection from cold
 v - an uncursed ring of see invisible
 C - a ring of protection from cold (left hand)
 N - an uncursed ring of positive energy
 P - a ring of poison resistance (right hand)
Wands
 s - a wand of polymorph (9/24)
 E - a wand of confusion (16/48)
 I - a wand of disintegration (9/24)
Scrolls
 f - 5 scrolls of identify {@r1}
 l - 2 scrolls of remove curse {@r2}
 z - a scroll of enchant armour
 F - a scroll of vulnerability {unknown}
Potions
 d - 4 potions of curing {@q1}
 h - a potion of cancellation
 i - 2 potions of magic {unknown}
 j - 2 potions of mutation {!q}
 k - a potion of resistance
 m - 2 potions of invisibility
 n - 2 potions of flight
 o - 3 potions of ambrosia
 p - 4 potions of brilliance {unknown}
 t - a potion of might {unknown}
 w - 2 potions of heal wounds {@q2}
 x - a potion of haste {@q3}
 A - a potion of berserk rage {!q}
 H - a potion of agility {unknown}
Books
 r - a book of Changes

   Spells                             Type                      Level
   a - Beastly Appendage              Transmutation                1
   b - Sticks to Snakes               Transmutation                2
   c - Spider Form                    Transmutation/Poison         3
   d - Ice Form                       Ice/Transmutation            4
   e - Blade Hands                    Transmutation                5
   Trog disapproves of the use of such an item.
 y - a book of Cantrips

   Spells                             Type                      Level
   a - Confusing Touch                Hexes                        1
   b - Animate Skeleton               Necromancy                   1
   c - Summon Small Mammal            Summoning                    1
   d - Apportation                    Translocation                1
   Trog disapproves of the use of such an item.
Comestibles
 b - 3 royal jellies {@e3}
 B - 2 meat rations {@e1}

Dungeon Overview and Level Annotations

Branches:
Dungeon (8/15)             Temple (0/1) D:6
   Lair: D:8-11

Altars:
Cheibriados
Ru

Shops:
D:4 ! D:7

} .........#
.........#
..?.....##
)#......#
....##.####
#....####
#†....#
##..Ho.#
#...s@.#
##......#
###.......#
#...#...>.#
###.#########
##...#
######..###
...##..##
##....##


You could see a hippogriff, a scorpion and an orc.


Message History

The hippogriff completely misses you. The hippogriff claws you!
* * * LOW HITPOINT WARNING * * *
The orc misses you.
You hit the jelly. The acid corrodes you!
Your hands burn!
* * * LOW HITPOINT WARNING * * *
The jelly is heavily wounded.
Unknown command.
You hit the jelly.
The jelly looks as sick as possible!
Your hands burn!
* * * LOW HITPOINT WARNING * * *
The jelly is almost dead.
The jelly barely misses you.
Unknown command.
You hit the jelly.
Your hands burn!
* * * LOW HITPOINT WARNING * * *
The jelly is almost dead.
The hippogriff bites you.
* * * LOW HITPOINT WARNING * * *
The hippogriff closely misses you. The hippogriff completely misses you.
Unknown command.
You hit the jelly but do no damage.
Your hands burn!
* * * LOW HITPOINT WARNING * * *
The jelly is almost dead.
You kill the jelly!
Trog accepts your kill. The orc completely misses you.
Unknown command.
You hit the hippogriff but do no damage.
The hippogriff is poisoned.
You completely miss the hippogriff. The hippogriff bites you!
You die...

Skill      XL: |  1  2  3  4  5  6  7  8  9 |
---------------+----------------------------+-----
Fighting       | 4 5 6 7 8 |  8.1
Short Blades   | 5 6 7 8 9 |  9.6
Dodging        | 3 4 5 7 |  7.1
Armour         | 2 3 4 |  4.8
Stealth        | 1 3 4 |  4.1
Evocations     | |  0.5

Action                   |  1- 3 |  4- 6 |  7- 9 || total
-------------------------+-------+-------+-------++-------
Melee: Short sword       |   163 |    49 |       ||   212
       Dagger            |       |   154 |   512 ||   666
Invok: Berserk           |     4 |     9 |    10 ||    23
       Trog's Hand       |       |       |     1 ||     1
  Use: Scroll            |       |    13 |     4 ||    17
       Potion            |       |     1 |     1 ||     2
 Stab: Sleeping          |     1 |       |     4 ||     5
  Eat: Chunk             |    14 |    17 |    23 ||    54
Armor: Animal skin       |    14 |     9 |       ||    23
       Scale mail        |       |    23 |       ||    23
       Ring mail         |       |       |    84 ||    84
Dodge: Dodged            |    85 |    96 |   278 ||   459

Vault maps used:
D:1:      matt_arrival_refuge, minmay_misc_feat_iff, minmay_gold_behind_fungi,
          minmay_tromino_i2
D:2:      first_bread
D:3:      st_stairs_6, kennysheep_slug_shrine, uniq_robin, uniq_natasha
D:4:      serial_shops, shop
D:6:      temple_statues, nicolae_ru_sacrificial_ziggurat
D:7:      serial_shops, shop, uniq_pikel
D:8:      david_nohive_1

Notes
Turn   | Place    | Note
-------+----------+-------------------------------------------
     0 | D:1      | Jazqa the Kobold Berserker began the quest for the Orb.
     0 | D:1      | Reached XP level 1. HP: 14/14 MP: 1/1
   200 | D:1      | Reached XP level 2. HP: 13/19 MP: 2/2
   783 | D:1      | Reached XP level 3. HP: 24/24 MP: 3/3
   821 | D:1      | Reached skill level 4 in Fighting
  1001 | D:1      | Reached ** piety under Trog
  1156 | D:1      | Reached skill level 5 in Short Blades
  1646 | D:2      | Reached XP level 4. HP: 26/29 MP: 4/4
  2124 | D:2      | Identified a potion of resistance
  2700 | D:3      | Reached XP level 5. HP: 28/34 MP: 5/5
  2706 | D:3      | HP: 3/51 [gnoll/halberd (4)]
  3027 | D:3      | Noticed Robin
  3043 | D:3      | Reached skill level 6 in Short Blades
  3074 | D:3      | Reached skill level 5 in Fighting
  3108 | D:3      | Killed Robin
  3247 | D:3      | Reached *** piety under Trog
  3419 | D:3      | Noticed Rhok's ghost (amateur CeCK)
  3445 | D:3      | Killed Rhok's ghost
  3445 | D:3      | Reached skill level 3 in Dodging
  3445 | D:3      | Reached XP level 6. HP: 40/40 MP: 3/6
  3589 | D:3      | Found a snail-covered altar of Cheibriados.
  3730 | D:3      | Reached skill level 2 in Armour
  3780 | D:3      | Noticed Natasha
  3788 | D:3      | Killed Natasha
  4064 | D:3      | Noticed Natasha
  4069 | D:3      | Killed Natasha
  4180 | D:4      | Reached skill level 1 in Stealth
  4434 | D:4      | Noticed an ogre
  4439 | D:4      | Killed an ogre
  4439 | D:4      | Reached XP level 7. HP: 45/45 MP: 7/7
  4947 | D:4      | Got a crude ring mail
  4960 | D:4      | Identified the cursed +1 ring mail of Twilight {MR+ Str+8 Int-3} (You found it on level 4 of the Dungeon)
  5029 | D:4      | Found Ickeuth's Distillery.
  5042 | D:4      | Bought a potion of heal wounds for 55 gold pieces
  5042 | D:4      | Bought a potion of heal wounds for 55 gold pieces
  5042 | D:4      | Bought a potion of haste for 110 gold pieces
  5164 | D:4      | Reached skill level 2 in Stealth
  5188 | D:4      | Reached skill level 7 in Short Blades
  5726 | D:5      | Entered Level 5 of the Dungeon
  5830 | D:5      | Reached skill level 4 in Dodging
  6485 | D:5      | Reached skill level 6 in Fighting
  6485 | D:5      | Reached skill level 3 in Stealth
  6485 | D:5      | Reached XP level 8. HP: 39/51 MP: 8/8
  6840 | D:5      | Reached skill level 3 in Armour
  6890 | D:5      | Reached skill level 4 in Stealth
  7061 | D:5      | Reached skill level 5 in Dodging
  7441 | D:5      | Reached skill level 8 in Short Blades
  7621 | D:6      | Reached **** piety under Trog
  7670 | D:6      | Reached skill level 7 in Fighting
  7670 | D:6      | Reached XP level 9. HP: 55/55 MP: 9/9
  7806 | D:6      | Got a distressingly furry ring mail
  7828 | D:6      | Identified the cursed +1 ring mail of Beogh's Delight {rElec rF+ rC+ rN+} (You found it on level 6 of the Dungeon)
  7879 | D:6      | Found a sacrificial altar of Ru.
  7902 | D:6      | Reached skill level 6 in Dodging
  7928 | D:6      | Found a staircase to the Ecumenical Temple.
  8291 | D:7      | Found Test's Gadget Shoppe.
  8369 | D:7      | Reached skill level 4 in Armour
  8407 | D:7      | Reached skill level 9 in Short Blades
  8614 | D:7      | Noticed Pikel
  8630 | D:7      | Killed Pikel
  9074 | D:7      | Reached skill level 7 in Dodging
  9270 | D:8      | Noticed a hippogriff
  9416 | D:8      | Reached skill level 8 in Fighting
  9506 | D:8      | HP: 7/88 [hippogriff (4)]
  9509 | D:8      | Slain by a hippogriff

Vanquished Creatures
  Pikel (D:7)
  An ice beast (D:7)
  A necrophage (D:5)
  The ghost of Rhok the Skirmisher, an amateur CeCK of Xom (D:3)
  An eye of draining (D:8)
  5 ogres
  2 phantoms
  2 centaurs (D:5)
  3 bullfrogs
  A scorpion (D:6)
  3 wights (D:7)
  A howler monkey (D:6)
  A crimson imp (D:6)
  A jelly (D:8)
  Natasha (twice) (D:3)
  6 worker ants
  A worker ant zombie (D:5)
  Robin (D:3)
  16 gnolls
  3 adders
  2 howler monkey skeletons
  2 oozes
  An adder skeleton (D:5)
  4 worms
  3 dart slugs (D:3)
  6 leopard geckos
  6 orcs
  2 ball pythons (D:3)
  3 bats
  8 giant cockroaches
  15 goblins
  16 hobgoblins
  15 jackals
  9 kobolds
  4 quokkas
  6 frilled lizards
  8 rats
  A fungus (D:1)
164 creatures vanquished.

Vanquished Creatures (others)
  2 fungi (D:1)
2 creatures vanquished.

Grand Total: 166 creatures vanquished
